 Dungeon Crawl Stone Soup version 0.17-a0-1596-g1e86911 (webtiles) character file.

20827 karlkraus the Blocker (level 12, -2/106 HPs)
             Began as a Minotaur Fighter on July 31, 2015.
             Was the Champion of Ru.
             Slain by an eight-headed hydra (10 damage)
             ... on level 6 of the Lair of Beasts.
             The game lasted 00:52:19 (13223 turns).

karlkraus the Blocker (Minotaur Fighter)           Turns: 13223, Time: 00:52:20

Health: -2/106     AC: 13    Str: 26    XL:     12   Next: 48%
Magic:  18/18      EV: 12    Int:  5    God:    Ru [******]
Gold:   810        SH: 13    Dex:  5    Spells: 0 memorised, 11 levels left

rFire  + + +     SeeInvis .     h - +3 morningstar (freeze)
rCold  . . .     Clarity  .     W - +1 mottled dragon armour
rNeg   + . .     SustAt   .     J - +0 shield "Uphulepp" {rF+++ MR+ MP+9 Dex-5}
rPois  .         Gourm    .     N - +0 hat
rElec  .         Spirit   .     p - +0 cloak {+Inv}
rCorr  .         Warding  +     i - +2 pair of gloves
rMut   .         Stasis   .     g - +1 pair of boots {run}
MR     +....                    z - amulet of warding
Stlth  +.........               n - ring of protection from magic
                                b - +3 ring of slaying

@: exhausted, about to teleport, drained, quick, somewhat resistant to hostile
enchantments, very unstealthy
A: retaliatory headbutt, horns 2, low mp 1, screaming 1, hated by all, no
conjurations magic, no poison magic, no transmutations magic, vulnerability to
harm 1, magic vulnerability 1, unskilled 1
a: Draw Out Power, Power Leap, Apocalypse, Renounce Religion, Evoke Invisibility


You were on level 6 of the Lair of Beasts.
You worshipped Ru.
Ru was exalted by your worship.
You were not hungry.

You visited 2 branches of the dungeon, and saw 15 of its levels.
You also visited: Sewer.

You collected 810 gold pieces.

Inventory:

Hand weapons
 c - a +3 flail of protection
 h - a +3 morningstar of freezing (weapon)
Armour
 g - a +1 pair of boots of running (worn)
 i - a +2 pair of gloves (worn)
 p - a +0 cloak of invisibility (worn)
 J - the +0 shield "Uphulepp" (worn) {rF+++ MR+ MP+9 Dex-5}
   (You found it on level 1 of the Lair of Beasts)

   It affects your dexterity (-5).
   It renders you almost immune to fire.
   It affects your resistance to hostile enchantments.
   It affects your magic capacity (+9).
 N - a +0 hat (worn)
 W - a +1 mottled dragon armour (worn)
Jewellery
 b - a +3 ring of slaying (left hand)
 l - an uncursed ring of poison resistance
 n - a ring of protection from magic (right hand)
 q - an uncursed ring of see invisible
 y - an uncursed ring of ice
 z - an amulet of warding (around neck)
Scrolls
 o - 6 scrolls of immolation
 r - 6 scrolls of recharging
 s - 4 scrolls of teleportation
 x - a scroll of amnesia
 B - a scroll of magic mapping {unknown}
 D - 7 scrolls of remove curse
 O - a scroll of fear
Potions
 a - a potion of ambrosia
 d - a potion of resistance {unknown}
 f - a potion of might
 j - 6 potions of flight
 t - 3 potions of heal wounds
 u - 12 potions of curing
 A - a potion of lignification
 E - 2 potions of cancellation
 F - a potion of haste
 Q - 2 potions of cure mutation
 R - a potion of brilliance
 X - a potion of agility
Comestibles
 e - 6 bread rations
 k - 3 slices of pizza
 m - 5 meat rations
 v - 3 chunks of flesh
 w - 3 beef jerkies
 L - a royal jelly
 P - 28 fruits


   Skills:
 + Level 9.9(9.5) Fighting
 + Level 11.7(11.3) Maces & Flails
 + Level 9.3(8.9) Armour
 + Level 6.3(5.9) Dodging
 + Level 2.1(1.8) Stealth
 + Level 13.2(12.8) Shields


You had 11 spell levels left.
You didn't know any spells.

Dungeon Overview and Level Annotations

Branches:
Dungeon (9/15)             Temple (0/1) D:7            Lair (6/8) D:8
  Swamp (0/4) Lair:5       Spider (0/4) Lair:3
  Slime: Lair:6-8       Orc: D:9-12

Altars:
Ashenzari
Cheibriados
Fedhas
Kikubaaqudgha
Makhleb
Nemelex Xobeh
Qazlal
Ru
Sif Muna
Trog
Vehumet
Xom
The Shining One

Annotations:
D:9 WhatIsLove's ghost, experienced DrCj


Innate Abilities, Weirdness & Mutations

You reflexively headbutt those who attack you in melee.
You have a pair of horns on your head.
Your magical capacity is low (-10% MP).
You occasionally shout uncontrollably at your foes.
You are hated by all.
You cannot study or cast Conjurations magic.
You cannot study or cast Poison magic.
You cannot study or cast Transmutations magic.
You take slightly more damage. (-3 AC)
You are slightly vulnerable to magic.
You are somewhat unskilled (-1 Apt).


Message History

The eight-headed hydra barely misses you.
Read which item? (? for menu, Esc to quit)
As you read the scroll of teleportation, it crumbles to dust.
You feel strangely unstable. The boulder beetle bites you.
* * * LOW HITPOINT WARNING * * *
The eight-headed hydra barely misses you.
You furiously retaliate!
You headbutt the eight-headed hydra!
You block the eight-headed hydra's attack.
The eight-headed hydra bites you but does no damage.
The eight-headed hydra closely misses you.
You block the eight-headed hydra's attack.
The eight-headed hydra closely misses you.
The eight-headed hydra bites you!
* * * LOW HITPOINT WARNING * * *
You block the eight-headed hydra's attack.
You block the eight-headed hydra's attack.
The eight-headed hydra bites you but does no damage.
You block the eight-headed hydra's attack.
The eight-headed hydra bites you!
You die...

#####.....##P.≈≈≈≈≈#≈#
###P###......PPP≈≈≈≈≈≈#≈
#.#...#.......P.≈≈≈†≈≈≈≈
........................
!..............P.###....
................##..#...
..........=.............
.....................#..
.......@............##..
........D...............
.......B.......####.....
.....$..........#.......
...............###......
..#####...........P.....
. ..........#.P....P
..#...............P
.8........#...P...P


You could see a boulder beetle and an eight-headed hydra.

Vanquished Creatures
  Fannar (Lair:3)
  Harold (Lair:1)
  A hydra (Lair:3)
  Erica (D:8)
  Pikel (D:8)
  An orb spider (Lair:3)
  A cyclops (D:8)
  2 black mambas
  Maurice (D:8)
  Joseph (D:8)
  10 spiny frogs
  A komodo dragon (Lair:4)
  2 fire drakes (Lair:4)
  Prince Ribbit (D:8)
  3 polar bears
  4 blink frogs (Lair:5)
  8 yaks
  8 hippogriffs
  2 hungry ghosts (D:8)
  A basilisk (Lair:3)
  The ghost of simok the Slasher, an average HEBe of Trog (D:4)
  A mottled dragon (Lair:5)
  9 water moccasins
  7 porcupines
  An ice beast (D:8)
  Duvessa (D:6)
  A slave (D:8)
  A wasp (Lair:3)
  2 orc warriors
  2 black bears
  2 phantoms (D:8)
  A centaur (D:8)
  8 crocodiles
  5 ogres
  Blork the orc (D:6)
  7 giant frogs
  Dowan (D:6)
  3 big kobolds
  4 scorpions
  A killer bee (D:8)
  16 wights
  9 hounds
  5 crimson imps
  3 orc priests
  A centaur zombie (D:5)
  2 jellies
  Crazy Yiuf (D:6)
  8 iguanas
  2 giant frog skeletons
  9 orc wizards
  Natasha (thrice) (D:4)
  A centaur skeleton (D:4)
  A statue (D:8)
  8 worker ants
  10 sheep
  A hound skeleton (D:8)
  A worker ant zombie (D:8)
  Robin (D:4)
  11 adders
  3 gnolls (D:5)
  71 river rats
  2 shadow imps
  4 oozes
  An adder zombie (D:8)
  2 adder skeletons
  2 worms
  An adder simulacrum (D:8)
  5 giant geckos
  24 orcs
  8 bats
  11 giant cockroaches
  11 hobgoblins
  13 jackals
  A quokka (D:2)
  8 giant newts
  11 goblins
  A jackal skeleton (D:5)
  10 kobolds
  A quokka skeleton (D:4)
  7 rats
  A bush (D:5)
  2 fungi
403 creatures vanquished.

Vanquished Creatures (others)
  A blink frog (Lair:5)
  A yak (Lair:1)
  An ogre (D:8)
  A gnoll (D:5)
  2 fungi (Lair:5)
  6 plants
12 creatures vanquished.

Grand Total: 415 creatures vanquished

Notes
Turn   | Place    | Note
--------------------------------------------------------------
     0 | D:1      | karlkraus the Minotaur Fighter began the quest for the Orb.
     0 | D:1      | Reached XP level 1. HP: 19/19 MP: 0/0
   286 | D:1      | Reached skill level 4 in Shields
   286 | D:1      | Reached XP level 2. HP: 14/27 MP: 1/1
   507 | D:1      | Reached XP level 3. HP: 30/33 MP: 2/2
   577 | D:1      | Identified a +1 pair of boots of running (You found it on level 1 of the Dungeon)
   772 | D:2      | Reached skill level 1 in Dodging
   881 | D:2      | Found a faded altar to an unknown god.
   922 | D:2      | Found a glowing golden altar of the Shining One.
  1152 | D:2      | Found a sacrificial altar of Ru.
  1163 | D:2      | Became a worshipper of Ru the Awakened
  1212 | D:3      | Reached XP level 4. HP: 35/40 MP: 3/3
  1391 | D:3      | Found a deep blue altar of Sif Muna.
  1463 | D:3      | Reached skill level 5 in Shields
  1672 | D:3      | Reached XP level 5. HP: 46/46 MP: 4/4
  1769 | D:3      | Found a bloodstained altar of Trog.
  1870 | D:3      | Found a snail-covered altar of Cheibriados.
  2389 | D:4      | Noticed a black bear
  2391 | D:4      | Gained mutation: You are slightly vulnerable to magic. [Ru sacrifice]
  2391 | D:4      | Acquired Ru's first power
  2448 | D:4      | Killed a black bear
  2448 | D:4      | Reached XP level 6. HP: 45/53 MP: 5/5
  2536 | D:4      | Noticed Robin
  2559 | D:4      | Killed Robin
  2918 | D:4      | Reached skill level 6 in Shields
  2936 | D:4      | Noticed Natasha
  2944 | D:4      | Killed Natasha
  3019 | D:4      | Found a shattered altar of Ashenzari.
  3354 | D:4      | Noticed simok's ghost (average HEBe)
  3361 | D:4      | Killed simok's ghost
  3361 | D:4      | Reached XP level 7. HP: 60/60 MP: 6/6
  3522 | D:5      | Entered Level 5 of the Dungeon
  3537 | D:5      | Found a glowing drain.
  3556 | D:5      | Reached skill level 5 in Maces & Flails
  3556 | D:5      | Reached skill level 7 in Shields
  3597 | Sewer    | Entered a sewer
  3673 | Sewer    | Reached skill level 5 in Armour
  3699 | Sewer    | Found a glowing silver altar of Zin.
  3887 | D:4      | Noticed Natasha
  3919 | D:4      | Killed Natasha
  4025 | D:4      | Noticed Natasha
  4031 | D:4      | Killed Natasha
  4120 | D:5      | Reached skill level 5 in Fighting
  4223 | D:5      | Reached XP level 8. HP: 24/68 MP: 7/7
  4582 | D:5      | Found a stormy altar of Qazlal.
  4595 | D:5      | Found a blossoming altar of Fedhas.
  4737 | D:5      | Reached skill level 8 in Shields
  4875 | D:6      | Noticed Dowan
  4878 | D:6      | Noticed Duvessa
  4883 | D:6      | Gained mutation: Your magical capacity is low (-10% MP). [Ru sacrifice]
  4883 | D:6      | Acquired Ru's second power
  4892 | D:6      | Killed Duvessa
  4908 | D:6      | Killed Dowan
  4908 | D:6      | Reached skill level 1 in Stealth
  4976 | D:6      | Noticed Blork the orc
  4989 | D:6      | Killed Blork the orc
  5248 | D:6      | Reached skill level 9 in Shields
  5387 | D:6      | Found a burning altar of Makhleb.
  5707 | D:6      | Noticed Crazy Yiuf
  5712 | D:6      | Killed Crazy Yiuf
  5826 | D:7      | Reached XP level 9. HP: 56/78 MP: 7/7
  5893 | D:7      | Found a staircase to the Ecumenical Temple.
  6003 | D:7      | Found an ancient bone altar of Kikubaaqudgha.
  6320 | D:7      | Gained mutation: You cannot study or cast Poison magic. [Ru sacrifice]
  6320 | D:7      | Gained mutation: You cannot study or cast Transmutations magic. [Ru sacrifice]
  6320 | D:7      | Gained mutation: You cannot study or cast Conjurations magic. [Ru sacrifice]
  6369 | D:8      | Noticed Maurice
  6449 | D:8      | Noticed Pikel
  6477 | D:8      | Killed Pikel
  6477 | D:8      | Reached skill level 10 in Shields
  6559 | D:8      | Killed Maurice
  6559 | D:8      | Reached skill level 5 in Dodging
  6589 | D:8      | Found a staircase to the Lair.
  6714 | D:8      | Reached XP level 10. HP: 77/86 MP: 8/8
  6777 | D:8      | Noticed Prince Ribbit
  6789 | D:8      | Killed Prince Ribbit
  6915 | D:8      | Reached skill level 11 in Shields
  6929 | D:8      | Noticed a cyclops
  6935 | D:8      | Killed a cyclops
  7078 | D:8      | Noticed Joseph
  7086 | D:8      | Killed Joseph
  7091 | D:8      | Found a sparkling altar of Nemelex Xobeh.
  7126 | D:8      | Noticed Erica
  7136 | D:8      | Killed Erica
  7156 | D:8      | Found a radiant altar of Vehumet.
  7426 | D:8      | Reached skill level 12 in Shields
  7953 | D:9      | Noticed WhatIsLove's ghost (experienced DrCj)
  8046 | Lair:1   | Entered Level 1 of the Lair of Beasts
  8046 | Lair:1   | Noticed Harold
  8058 | Lair:1   | Killed Harold
  8058 | Lair:1   | Reached skill level 10 in Maces & Flails
  8112 | Lair:1   | Reached XP level 11. HP: 82/95 MP: 8/8
  8115 | Lair:1   | Gained mutation: You are somewhat unskilled (-1 Apt). [Ru sacrifice]
  8115 | Lair:1   | Reduced skill Shields to level 11
  8115 | Lair:1   | Acquired Ru's third power
  8115 | Lair:1   | Acquired Ru's fourth power
  8158 | Lair:1   | Got a warped shield
  8159 | Lair:1   | Identified the +0 shield "Uphulepp" {rF+++ MR+ MP+9 Dex-5} (You found it on level 1 of the Lair of Beasts)
  8488 | Lair:1   | Found a shimmering altar of Xom.
  8941 | Lair:2   | Reached skill level 10 in Maces & Flails
  9492 | Lair:2   | Gained mutation: You are hated by all. [Ru sacrifice]
  9492 | Lair:2   | Acquired Ru's fifth power
  9790 | Lair:3   | Reached skill level 12 in Shields
  9936 | Lair:3   | Noticed a seven-headed hydra
  9944 | Lair:3   | Killed a seven-headed hydra
 10283 | Lair:3   | Noticed Fannar
 10301 | Lair:3   | Killed Fannar
 10670 | Lair:3   | Found a hole to the Spider Nest.
 11127 | Lair:4   | Gained mutation: You occasionally shout uncontrollably at your foes. [Ru sacrifice]
 11152 | Lair:4   | Reached XP level 12. HP: 100/104 MP: 9/9
 11910 | Lair:5   | Found a staircase to the Swamp.
 11972 | Lair:5   | Reached skill level 13 in Shields
 12991 | Lair:6   | Gained mutation: You take slightly more damage. (-3 AC) [Ru sacrifice]
 13207 | Lair:6   | Noticed an eight-headed hydra
 13223 | Lair:6   | Slain by an eight-headed hydra

Vault maps used:
D:1:      co_arrival_square_in_a_square_in_a_square
D:2:      nicolae_ru_path_of_blood, lemuel_crystal_altar, ecumenical_altar_2
D:3:      lemuel_coloured_pillars_altar, cheibriados_altar_wand_db,
          lemuel_blue_sif_altar
D:4:      cheibrodos_ashenzari_chains, uniq_robin, uniq_natasha
D:5:      grunt_temple_overflow_forces_of_nature, first_bread,
          gup_sewer_entry_glass
D:6:      makhleb_heckhound_becter, uniq_crazy_yiuf_cottage, uniq_duvessa,
          uniq_blork_the_orc
D:7:      nicolae_overflow_hidden_temple, minmay_temple_entry_butterflies,
          grunt_ministairs_10
D:8:      minmay_quarter_circles, vehumet_statue,
          nemelex_xobeh_ov_fountains_minmay, dpeg_oklobed_lair,
          uniq_prince_ribbit1, uniq_maurice, uniq_pikel, uniq_joseph, uniq_erica
D:9:      orc_0_dummy, serial_column_ruins, column_ruins_grid_1,
          column_ruins_grid_1, column_ruins_grid_3, uniq_erolcha
Lair:1:   basic_altar, serial_bayou_shore_b, uniq_harold
Lair:2:   minmay_stone_trees_small, grunt_megastairs_5
Lair:3:   nicolae_spider_entry_orb_guardian, uniq_fannar
Lair:4:   grunt_forest_large_clearings
Lair:5:   swamp_mist, bobbens_dragon_lair_wall, lemuel_fruit_tree
Lair:6:   grunt_megastairs_3
Sewer:    sewer_kobolds

Action                   |  1- 3 |  4- 6 |  7- 9 | 10-12 || total
-------------------------+-------+-------+-------+-------++-------
Melee: Flail             |   114 |   149 |   290 |       ||   553
       Morningstar       |       |       |   145 |   667 ||   812
Invok: Sacrifice Essence |       |     1 |     1 |       ||     2
       Sacrifice Arcana  |       |       |     1 |       ||     1
       Sacrifice Purity  |       |       |       |     1 ||     1
       Sacrifice Love    |       |       |       |     1 ||     1
       Sacrifice Skill   |       |       |       |     1 ||     1
       Draw Out Power    |       |       |       |     1 ||     1
       Sacrifice Health  |       |       |       |     1 ||     1
 Abil: Evoke Invisibilit |       |       |       |     1 ||     1
Evoke: Wand              |       |       |     1 |       ||     1
  Use: Potion            |     2 |     1 |    11 |     2 ||    16
       Scroll            |       |     4 |     6 |    14 ||    24
 Stab: Invisible         |       |       |     2 |     5 ||     7
       Paralysed         |       |       |       |     2 ||     2
  Eat: Chunk             |     1 |     6 |    12 |    18 ||    37
       Beef jerky        |       |       |       |     1 ||     1
       Fruit             |       |       |       |     2 ||     2
